TOP OF THE 1ST |
Oklahoma City HS Magicians batting - Pitching for Jackson HS Swamp Bats : RHP Robbie Martin
|
Pitching: RHP Robbie Martin
|
|
Batting: LHB Fletcher White
|
0-0: Foul Ball, location: 2F 0-1: Foul Ball, location: 2F 0-2: Hit by Pitch
|
Batting: RHB Pat Simms
|
0-0: Ball 1-0: Called Strike Fletcher White steals 2nd base 1-1: Called Strike 1-2: Ball 2-2: Strikes out swinging
|
Batting: LHB Geoff May
|
0-0: Ball 1-0: Called Strike 1-1: Swinging Strike 1-2: Ball 2-2: Foul Ball, location: 2F 2-2: Ball 3-2: Foul Ball, location: 2F 3-2: Foul Ball, location: 2F 3-2: Fly out, F7 (Line Drive, 7)
|
Batting: RHB Curt O'Brian
|
0-0: Called Strike 0-1: Fly out, F8 (Flyball, 8RS)
|
Top of the 1st over - 0 run(s), 0 hit(s), 0 error(s), 1 left on base; Oklahoma City HS 0 - Jackson HS 0 |
BOTTOM OF THE 1ST |
Jackson HS Swamp Bats batting - Pitching for Oklahoma City HS Magicians : RHP Gary Wilder
|
Pitching: RHP Gary Wilder
|
|
Batting: LHB Brad Fuller
|
0-0: Ball 1-0: Ball 2-0: Ball 3-0: Base on Balls
|
Batting: RHB Ron Frost
|
0-0: Ball 1-0: Fielders Choice at 2nd, 6-4 (Groundball, 6)
|
Batting: RHB Julián García
|
0-0: Swinging Strike 0-1: Ball 1-1: Called Strike 1-2: Ball 2-2: Foul Ball, location: 2F 2-2: Foul Ball, location: 2F 2-2: Foul Ball, location: 2F 2-2: Ball 3-2: Grounds into double play, 6-4-3 (Groundball, 6)
|
Bottom of the 1st over - 0 run(s), 0 hit(s), 0 error(s), 0 left on base; Oklahoma City HS 0 - Jackson HS 0 |
TOP OF THE 2ND |
Oklahoma City HS Magicians batting - Pitching for Jackson HS Swamp Bats : RHP Robbie Martin
|
Batting: RHB Darrell Krieger
|
0-0: Ball 1-0: Ball 2-0: Ball 3-0: Base on Balls
|
Batting: SHB Lee Oliver
|
0-0: Called Strike 0-1: Ball 1-1: Swinging Strike 1-2: Foul Ball, location: 2F 1-2: Strikes out swinging
|
Batting: RHB Billy Gray
|
0-0: Called Strike Darrell Krieger steals 2nd base 0-1: SINGLE (Line Drive, 3) Darrell Krieger to third Runner from 3rd tries for Home, SAFE, throw made home Billy Gray to second
|
Batting: LHB Andrew Chambers
|
0-0: Called Strike 0-1: Ball 1-1: Swinging Strike 1-2: SINGLE (Flyball, 7S) Billy Gray to third
|
Batting: RHB Jeffrey Ball
|
0-0: Ball Andrew Chambers is caught stealing 2nd base 1-0: Foul Ball, location: 2F 1-1: Ball 2-1: Ball 3-1: Foul Ball, location: 2F 3-2: Base on Balls
|
Batting: LHB Fletcher White
|
0-0: Ball 1-0: Called Strike 1-1: Foul Ball, location: 2F 1-2: SINGLE (Flyball, 7S) Billy Gray scores Jeffrey Ball to second
|
Batting: RHB Pat Simms
|
0-0: Ball 1-0: Fly out, F9 (Flyball, 9)
|
Top of the 2nd over - 2 run(s), 3 hit(s), 0 error(s), 2 left on base; Oklahoma City HS 2 - Jackson HS 0 |
BOTTOM OF THE 2ND |
Jackson HS Swamp Bats batting - Pitching for Oklahoma City HS Magicians : RHP Gary Wilder
|
Batting: LHB Carlos Anaya
|
0-0: Ground out 3-1 (Groundball, 34)
|
Batting: RHB Anthony O'Bryan
|
0-0: Ball 1-0: Ball 2-0: Ball 3-0: Called Strike 3-1: Base on Balls
|
Batting: RHB Rafael Barrios
|
0-0: Foul Ball, location: 2F 0-1: Ball 1-1: Ball 2-1: Ball 3-1: Base on Balls Anthony O'Bryan to second
|
Batting: RHB Brendon Bachman
|
0-0: Ball 1-0: Swinging Strike 1-1: Ball 2-1: 3-RUN HOME RUN (Flyball, 9LD), Distance : 366 ft
|
Batting: RHB Dan Crowder
|
0-0: Called Strike 0-1: Ball 1-1: Swinging Strike 1-2: Foul Ball, location: 2F 1-2: Strikes out swinging
|
Batting: RHB Brandon Davis
|
0-0: Ball 1-0: Swinging Strike 1-1: Called Strike 1-2: Foul Ball, location: 2F 1-2: Ball 2-2: Ball 3-2: SINGLE (Flyball, 8RS)
|
Batting: LHB Brad Fuller
|
0-0: Foul Ball, location: 2F 0-1: Ball 1-1: Ball 2-1: Foul Ball, location: 2F 2-2: SINGLE (Groundball, 6D) Brandon Davis to second
|
Batting: RHB Ron Frost
|
0-0: Ball 1-0: Foul Ball, location: 2F 1-1: SINGLE (Groundball, 3D) Brandon Davis to third Brad Fuller to second Runner from 3rd tries for Home, SAFE, no throw
|
Batting: RHB Julián García
|
0-0: Called Strike 0-1: Called Strike 0-2: Ball 1-2: Fly out, F8 (Flyball, 8LM)
|
Bottom of the 2nd over - 4 run(s), 4 hit(s), 0 error(s), 2 left on base; Oklahoma City HS 2 - Jackson HS 4 |
TOP OF THE 3RD |
Oklahoma City HS Magicians batting - Pitching for Jackson HS Swamp Bats : RHP Robbie Martin
|
Batting: LHB Geoff May
|
0-0: Called Strike 0-1: Foul Ball, location: 2F 0-2: Strikes out swinging
|
Batting: RHB Curt O'Brian
|
0-0: Ball 1-0: Ball 2-0: Fly out, F8 (Flyball, 8RD)
|
Batting: RHB Darrell Krieger
|
0-0: Swinging Strike 0-1: Ball 1-1: Foul Ball, location: 2F 1-2: Strikes out looking
|
Top of the 3rd over - 0 run(s), 0 hit(s), 0 error(s), 0 left on base; Oklahoma City HS 2 - Jackson HS 4 |
BOTTOM OF THE 3RD |
Jackson HS Swamp Bats batting - Pitching for Oklahoma City HS Magicians : RHP Gary Wilder
|
Batting: LHB Carlos Anaya
|
0-0: Foul Ball, location: 2F 0-1: Ball 1-1: Ball 2-1: Ball 3-1: Foul Ball, location: 2F 3-2: Fly out, F6 (Popup, 6D)
|
Batting: RHB Anthony O'Bryan
|
0-0: Foul Ball, location: 2F 0-1: Ball 1-1: Foul Ball, location: 2F 1-2: Strikes out looking
|
Batting: RHB Rafael Barrios
|
0-0: Foul Ball, location: 2F 0-1: Foul Ball, location: 2F 0-2: Strikes out looking
|
Bottom of the 3rd over - 0 run(s), 0 hit(s), 0 error(s), 0 left on base; Oklahoma City HS 2 - Jackson HS 4 |
TOP OF THE 4TH |
Oklahoma City HS Magicians batting - Pitching for Jackson HS Swamp Bats : RHP Robbie Martin
|
Batting: SHB Lee Oliver
|
0-0: Ball 1-0: Swinging Strike 1-1: Ball 2-1: Swinging Strike 2-2: Fly out, F7 (Flyball, 7)
|
Batting: RHB Billy Gray
|
0-0: Foul Ball, location: 2F 0-1: Ball 1-1: Swinging Strike 1-2: Ball 2-2: Strikes out swinging
|
Batting: LHB Andrew Chambers
|
0-0: Called Strike 0-1: Foul Ball, location: 2F 0-2: Foul Ball, location: 2F 0-2: Foul Ball, location: 2F 0-2: Fly out, F6 (Popup, 6S)
|
Top of the 4th over - 0 run(s), 0 hit(s), 0 error(s), 0 left on base; Oklahoma City HS 2 - Jackson HS 4 |
BOTTOM OF THE 4TH |
Jackson HS Swamp Bats batting - Pitching for Oklahoma City HS Magicians : RHP Gary Wilder
|
Batting: RHB Brendon Bachman
|
0-0: Called Strike 0-1: Called Strike 0-2: Ball 1-2: Strikes out swinging
|
Pitching: RHP Lou Ferrell
|
|
Batting: RHB Dan Crowder
|
0-0: Ball 1-0: Ground out 4-3 (Groundball, 4)
|
Batting: RHB Brandon Davis
|
0-0: Ball 1-0: Ball 2-0: Ball 3-0: Foul Ball, location: 2F 3-1: Base on Balls
|
Batting: LHB Brad Fuller
|
0-0: Ball Brandon Davis is caught stealing 2nd base
|
Bottom of the 4th over - 0 run(s), 0 hit(s), 0 error(s), 0 left on base; Oklahoma City HS 2 - Jackson HS 4 |
TOP OF THE 5TH |
Oklahoma City HS Magicians batting - Pitching for Jackson HS Swamp Bats : RHP Robbie Martin
|
Batting: RHB Jeffrey Ball
|
0-0: Swinging Strike 0-1: Called Strike 0-2: Ball 1-2: Foul Ball, location: 2F 1-2: Strikes out looking
|
Batting: LHB Fletcher White
|
0-0: Ball 1-0: Fly out, F6 (Popup, 6MS)
|
Batting: RHB Pat Simms
|
0-0: Foul Ball, location: 2F 0-1: Swinging Strike 0-2: Ball 1-2: Strikes out swinging
|
Top of the 5th over - 0 run(s), 0 hit(s), 0 error(s), 0 left on base; Oklahoma City HS 2 - Jackson HS 4 |
BOTTOM OF THE 5TH |
Jackson HS Swamp Bats batting - Pitching for Oklahoma City HS Magicians : RHP Lou Ferrell
|
Batting: LHB Brad Fuller
|
0-0: Ground out 6-3 (Groundball, 6)
|
Batting: RHB Ron Frost
|
0-0: Called Strike 0-1: Foul Ball, location: 2F 0-2: Strikes out swinging
|
Batting: RHB Julián García
|
0-0: Fly out, F7 (Line Drive, 7)
|
Bottom of the 5th over - 0 run(s), 0 hit(s), 0 error(s), 0 left on base; Oklahoma City HS 2 - Jackson HS 4 |
TOP OF THE 6TH |
Oklahoma City HS Magicians batting - Pitching for Jackson HS Swamp Bats : RHP Robbie Martin
|
Pitching: RHP Kris Saunders
|
|
Batting: LHB Geoff May
|
0-0: Foul Ball, location: 2F 0-1: Foul Ball, location: 2F 0-2: Foul Ball, location: 2F 0-2: Strikes out swinging, 2-3 out at first.
|
Batting: RHB Curt O'Brian
|
0-0: Ball 1-0: Foul Ball, location: 2F 1-1: Hit by Pitch
|
Batting: RHB Darrell Krieger
|
0-0: Ball 1-0: Called Strike 1-1: Ball 2-1: Ball 3-1: Fly out, F9 (Flyball, 9S)
|
Batting: SHB Lee Oliver
|
0-0: Called Strike 0-1: Ball 1-1: Foul Ball, location: 2F 1-2: Foul Ball, location: 2F 1-2: Ball 2-2: Foul Ball, location: 2F 2-2: Foul Ball, location: 2F 2-2: SINGLE (Groundball, 34D) Curt O'Brian to second Runner from 2nd tries for 3rd, SAFE, no throw
|
Batting: RHB Billy Gray
|
0-0: Called Strike 0-1: Fly out, F6 (Popup, 6D)
|
Top of the 6th over - 0 run(s), 1 hit(s), 0 error(s), 2 left on base; Oklahoma City HS 2 - Jackson HS 4 |
BOTTOM OF THE 6TH |
Jackson HS Swamp Bats batting - Pitching for Oklahoma City HS Magicians : RHP Lou Ferrell
|
Batting: LHB Carlos Anaya
|
0-0: Called Strike 0-1: Ball 1-1: Foul Ball, location: 2F 1-2: Ball 2-2: Fly out, F4 (Popup, 34D)
|
Batting: RHB Anthony O'Bryan
|
0-0: Called Strike 0-1: Ball 1-1: Foul Ball, location: 2F 1-2: Ball 2-2: Ball 3-2: Ground out 6-3 (Groundball, 6)
|
Batting: RHB Rafael Barrios
|
0-0: Called Strike 0-1: Ball 1-1: Foul Ball, location: 2F 1-2: Foul Ball, location: 2F 1-2: Strikes out swinging
|
Bottom of the 6th over - 0 run(s), 0 hit(s), 0 error(s), 0 left on base; Oklahoma City HS 2 - Jackson HS 4 |
TOP OF THE 7TH |
Oklahoma City HS Magicians batting - Pitching for Jackson HS Swamp Bats : RHP Kris Saunders
|
Batting: LHB Andrew Chambers
|
0-0: Ball 1-0: Called Strike 1-1: Ball 2-1: Swinging Strike 2-2: Foul Ball, location: 2F 2-2: DOUBLE (Flyball, 78D)
|
Batting: RHB Jeffrey Ball
|
0-0: Ball 1-0: Foul Ball, location: 2F 1-1: Fly out, F9 (Flyball, 89S)
|
Batting: LHB Fletcher White
|
0-0: Ball 1-0: Foul Ball, location: 2F 1-1: Fly out, F8 (Line Drive, 8LXD) Runner from 2nd tags up, SAFE at 3rd, no throw
|
Batting: RHB Pat Simms
|
0-0: Foul Ball, location: 2F 0-1: Called Strike 0-2: Ball 1-2: Foul Ball, location: 2F 1-2: Foul Ball, location: 2F 1-2: Fly out, F8 (Flyball, 8LM)
|
Top of the 7th over - 0 run(s), 1 hit(s), 0 error(s), 1 left on base; Oklahoma City HS 2 - Jackson HS 4 |
BOTTOM OF THE 7TH |
Jackson HS Swamp Bats batting - Pitching for Oklahoma City HS Magicians : RHP Lou Ferrell
|
Batting: RHB Brendon Bachman
|
0-0: Foul Ball, location: 2F 0-1: Fly out, F2 (Popup, 13S)
|
Batting: RHB Dan Crowder
|
0-0: Ball 1-0: Ball 2-0: Ball 3-0: Base on Balls
|
Batting: RHB Brandon Davis
|
0-0: Ball 1-0: Called Strike 1-1: Fielders Choice at 2nd, 6-4 (Groundball, 6)
|
Batting: LHB Brad Fuller
|
0-0: Ball Brandon Davis steals 2nd base 1-0: Swinging Strike 1-1: Ball 2-1: DOUBLE (Flyball, 8LD) Brandon Davis scores
|
Batting: RHB Ron Frost
|
0-0: Ball 1-0: Ball 2-0: Ball 3-0: Base on Balls
|
Batting: RHB Julián García
|
0-0: Ball 1-0: Ball 2-0: Ball 3-0: Base on Balls Brad Fuller to third Ron Frost to second
|
Pitching: RHP Roy Guillén
|
|
Batting: LHB Carlos Anaya
|
0-0: Ball 1-0: Ball 2-0: Ball 3-0: Base on Balls Brad Fuller scores Ron Frost to third Julián García to second
|
Batting: RHB Anthony O'Bryan
|
0-0: Foul Ball, location: 2F 0-1: Fly out, F8 (Line Drive, 8RM)
|
Bottom of the 7th over - 2 run(s), 1 hit(s), 0 error(s), 3 left on base; Oklahoma City HS 2 - Jackson HS 6 |
TOP OF THE 8TH |
Oklahoma City HS Magicians batting - Pitching for Jackson HS Swamp Bats : RHP Kris Saunders
|
Batting: LHB Geoff May
|
0-0: Ball 1-0: Ground out U3 (Groundball, 3)
|
Batting: RHB Curt O'Brian
|
0-0: Called Strike 0-1: Swinging Strike 0-2: Ball 1-2: Ball 2-2: SINGLE (Flyball, 6MD)
|
Batting: RHB Darrell Krieger
|
0-0: Called Strike 0-1: Ball 1-1: Swinging Strike 1-2: Ball 2-2: Foul Ball, location: 2F 2-2: 2-RUN HOME RUN (Flyball, 7LD), Distance : 346 ft
|
Pitching: RHP Tom Taylor
|
|
Batting: SHB Lee Oliver
|
0-0: Foul Ball, location: 2F 0-1: Ball 1-1: Called Strike 1-2: Ball 2-2: SINGLE (Flyball, 6MD)
|
Batting: RHB Billy Gray
|
0-0: Foul Ball, location: 2F 0-1: Called Strike 0-2: Fly out, F9 (Flyball, 9S)
|
Pitching: LHP Chris Spence
|
|
Batting: LHB Andrew Chambers
|
0-0: Ball 1-0: Ball 2-0: Ball 3-0: Base on Balls Lee Oliver to second
|
Pitching: RHP Greg Stone
|
|
Batting: RHB Jeffrey Ball
|
0-0: Foul Ball, location: 2F 0-1: Ball 1-1: Foul Ball, location: 2F 1-2: Foul Ball, location: 2F 1-2: Fielders Choice at 2nd, 4-6 (Groundball, 4)
|
Top of the 8th over - 2 run(s), 3 hit(s), 0 error(s), 1 left on base; Oklahoma City HS 4 - Jackson HS 6 |
BOTTOM OF THE 8TH |
Jackson HS Swamp Bats batting - Pitching for Oklahoma City HS Magicians : RHP Roy Guillén
|
Batting: RHB Rafael Barrios
|
0-0: Ball 1-0: Called Strike 1-1: Ball 2-1: SINGLE (Groundball, 56S) (infield hit)
|
Batting: RHB Brendon Bachman
|
0-0: Hit by Pitch Rafael Barrios to second
|
Batting: RHB Dan Crowder
|
0-0: Bunted foul 0-1: Bunted foul 0-2: Ball 1-2: Ball 2-2: Foul Ball, location: 2F 2-2: Strikes out swinging
|
Pinch Hitting: LHB Joe Davis
|
0-0: Ball 1-0: Ball 2-0: Ball 3-0: Foul Ball, location: 2F 3-1: Foul Ball, location: 2F 3-2: SINGLE (Line Drive, 34D) Rafael Barrios to third Brendon Bachman to second Runner from 3rd tries for Home, SAFE, no throw
|
Batting: LHB Brad Fuller
|
0-0: Ball 1-0: Ball 2-0: Called Strike 2-1: Foul Ball, location: 2F 2-2: Foul Ball, location: 2F 2-2: DOUBLE (Line Drive, 7LM) Brendon Bachman scores Joe Davis to third
|
Pitching: RHP Todd Harvey
|
|
Batting: RHB Ron Frost
|
0-0: Ball 1-0: Swinging Strike 1-1: Ball 2-1: Ball 3-1: Foul Ball, location: 2F 3-2: Foul Ball, location: 2F 3-2: DOUBLE (Line Drive, 9LM) Joe Davis scores Brad Fuller scores
|
Batting: RHB Julián García
|
0-0: Ball 1-0: Ground out 6-3 (Groundball, 6)
|
Batting: LHB Carlos Anaya
|
0-0: Called Strike 0-1: Foul Ball, location: 2F 0-2: Ball 1-2: Strikes out swinging
|
Bottom of the 8th over - 4 run(s), 4 hit(s), 0 error(s), 1 left on base; Oklahoma City HS 4 - Jackson HS 10 |
TOP OF THE 9TH |
Oklahoma City HS Magicians batting - Pitching for Jackson HS Swamp Bats : RHP Greg Stone
|
Now in RF: Russell Ferguson
|
|
Batting: LHB Fletcher White
|
0-0: Ground out 1-3 (Groundball, 13S)
|
Batting: RHB Pat Simms
|
0-0: Called Strike 0-1: Called Strike 0-2: Fly out, F8 (Flyball, 8LM)
|
Batting: LHB Geoff May
|
0-0: Foul Ball, location: 2F 0-1: Foul Ball, location: 2F 0-2: Ball 1-2: Ball 2-2: Foul Ball, location: 2F 2-2: Ground out 6-3 (Groundball, 6)
|
Top of the 9th over - 0 run(s), 0 hit(s), 0 error(s), 0 left on base; Oklahoma City HS 4 - Jackson HS 10 |
|